Description

Easy Build (Zealot All-In)

VOD

https://www.youtube.com/watch?v=DU9tdXWc8v0

Build Order

Get SALT Encoding   

  12  0:01  Action  send Probe on map
  15  0:25  Action  stop building workers
  15  0:32  Pylon  on enemy side
  15  0:51  Gateway  
  15  0:52  Gateway  
  15  0:58  Gateway (Chrono Boost)  
  15  1:08  Gateway (Chrono Boost)  
  15  1:22  Probe x2  
  17  1:27  Pylon  
  17  1:35  Zealot x3  + more Zealots and Pylons ... done.
Spawning Tool Build Advisor. Get it on Overwolf

Go to:

Details

  • Created by: Enrico
  • Published on: Nov 09, 2025
  • Modified on: Nov 09, 2025
  • Patch: 5.0.11
  • Difficulty: Easy
Show
View Real Time Build Order
Export as new Build Order

Comments (0)

There are no comments. Be the first!

Create an account to comment!